 Dungeon Crawl Stone Soup version 0.31-a0-1178-gc5c9b8f (webtiles) character file.

Game seed: 11021124508544726381

85442 Caerwyn the Brawler (level 15, -6/149 (153) HPs)
             Began as a Troll Fighter on Dec 11, 2023.
             Was a High Priest of Trog.
             Mangled by a +6 dire flail "Donewum" {chaos, rF+++ Dex-5} (18 damage)
             ... on level 3 of the Lair of Beasts.
             The game lasted 00:18:46 (12382 turns).

Caerwyn the Brawler (Troll Fighter)                Turns: 12382, Time: 00:18:46

HP:   -6/149 (153)  AC: 13    Str: 32    XL:     15   Next: 38%
MP:   0/19          EV: 10    Int:  3    God:    Trog [*****.]
Gold: 852           SH: 10    Dex:  9    Spells: 14/14 levels left

rFire   + .          .
                       - Unarmed
rCold   + . .        b - +0 kite shield
rNeg    . . .        z - +5 moon troll leather armour {Spirit, Regen++ MP+5}
rPois   .            i - +1 hat
rElec   .            S - +1 cloak of Filth {rF+ Regen+}
rCorr   .            (gloves unavailable)
SInv    .            (boots unavailable)
Will    +++..        I - necklace of Bloodlust {Fury *Rage Will++ Int-3 Slay+6}
Stlth   +            o - ring of protection from cold
HPRegen 3.64/turn    k - ring of flight
MPRegen 0.16/turn

%: random rage (50%), guardian spirit
@: mighty, lethally poisoned (-6 -> -6), about to teleport, on berserk cooldown,
flying, slowed, lightly drained, very slow
A: large, unfitting armour, claws 3, regeneration 1, shaggy fur 1, tough skin 1
a: Renounce Religion, Berserk, Trog's Hand, Brothers in Arms


You were on level 3 of the Lair of Beasts.
You worshipped Trog.
Trog was extremely pleased with you.
You visited 2 branches of the dungeon, and saw 14 of its levels.
You also visited: Volcano.

You collected 1080 gold pieces.
You spent 228 gold pieces at shops.

Inventory:

Hand Weapons
 q - a +1 scimitar of flaming
   (You took it off Erica on level 8 of the Dungeon)
Missiles
 w - 5 throwing nets {!f}
 y - 6 javelins
 C - 17 large rocks
 V - 2 curare-tipped darts {!f}
Armour
 b - a +0 kite shield (worn)
 h - a +0 robe
   (You took it off a spriggan druid on level 2 of the Lair of Beasts)
 i - a +1 hat (worn)
   (You found it on level 2 of the Dungeon)
 z - the +5 moon troll leather armour (worn) {Spirit, Regen++ MP+5}
   (You found it on level 6 of the Dungeon)

   MP+5:      It affects your magic capacity (+5).
   Regen++:   It increases your rate of health regeneration.
 A - a +0 robe
   (You took it off a spriggan druid on level 2 of the Lair of Beasts)
 S - the +1 cloak of Filth (worn) {rF+ Regen+}
   (You found it on level 11 of the Dungeon)

   rF+:       It protects you from fire.
   Regen+:    It increases your rate of health regeneration.
Jewellery
 k - a ring of flight (right claw)
   (You took it off Erica on level 8 of the Dungeon)
 o - a ring of protection from cold (left claw)
   (You found it on level 7 of the Dungeon)
 F - a ring of willpower
   (You found it on level 8 of the Dungeon)
 G - the ring of Timm {rF++ MP-9 AC+4}
   (You took it off a centaur warrior on level 9 of the Dungeon)

   [ring of protection]

   AC+4:      It affects your AC (+4).
   rF++:      It greatly protects you from fire.
   MP-9:      It affects your magic capacity (-9).
 I - the necklace of Bloodlust (around neck) {Fury *Rage Will++ Int-3 Slay+6}
   (You found it on level 7 of the Dungeon)

   [amulet of nothing]

   Fury:      It extends the wearer's berserk rage when killing foes.
   Int-3:     It affects your intelligence (-3).
   Slay+6:    It affects your accuracy & damage with ranged weapons and melee
   (+6).
   Will++:    It greatly increases your willpower.
   *Rage:     It berserks you when you make melee attacks (+50% chance).
 J - a ring of fire
   (You found it on level 7 of the Dungeon)
 K - the ring "Mataor" {rC+ Will- rCorr Int+5 Dex+2}
   (You found it on level 9 of the Dungeon)

   [ring of resist corrosion]

   Int+5:     It affects your intelligence (+5).
   Dex+2:     It affects your dexterity (+2).
   rC+:       It protects you from cold.
   Will-:     It decreases your willpower.
   rCorr:     It protects you from acid and corrosion.
 W - a ring of positive energy
   (You found it on level 2 of the Lair of Beasts)
Wands
 a - a wand of roots (13)
   (You found it on level 10 of the Dungeon)
 t - a wand of flame (7)
   (You found it on level 2 of the Lair of Beasts)
 u - a wand of paralysis (37)
   (You found it on level 4 of the Dungeon)
 v - a wand of digging (5)
   (You found it on level 10 of the Dungeon)
 x - a wand of acid (6)
   (You found it on level 1 of the Lair of Beasts)
Scrolls
 e - a scroll of blinking {unknown}
 f - 4 scrolls of vulnerability {!r}
 s - 4 scrolls of teleportation {@r4}
 B - 3 scrolls of torment {unknown}
 U - 3 scrolls of identify {@r1}
 Y - 5 scrolls of fog
 Z - 2 scrolls of butterflies
Potions
 c - 2 potions of might
 d - 3 potions of lignification {!q}
 g - a potion of magic
 j - a potion of haste {@q3}
 l - 3 potions of attraction {!q}
 m - 4 potions of mutation {!q}
 n - 9 potions of curing {@q1}
 p - 7 potions of heal wounds {@q2}
 r - 2 potions of brilliance
 D - 2 potions of cancellation
 X - a potion of invisibility
Miscellaneous
 L - a tin of tremorstones (2/2)
   (You found it on level 9 of the Dungeon)


   Skills:
 + Level 11.0 Fighting
 - Level 5.0 Armour
 - Level 5.0 Dodging
 + Level 9.2 Shields
 + Level 18.6 Unarmed Combat
 - Level 5.0 Evocations


You had 14 spell levels left.
You didn't know any spells.
Your spell library contained the following spells:

 Spells                   Type           Power      Damage    Failure   Level
 Apportation              Tloc           0%         N/A       71%         1
 Necrotise                Necr           0%         1d4       71%         1
 Summon Small Mammal      Summ           0%         N/A       71%         1
 Scorch                   Fire           0%         2d5       85%         2
 Gell's Gravitas          Tloc           0%         N/A       97%         3
 Teleport Other           Tloc           0%         N/A       97%         3
 Flame Wave               Conj/Fire      0%         2d4       100%        4
 Dispersal                Tloc           0%         N/A       100%        6
 Summon Cactus Giant      Summ           0%         N/A       100%        6


Dungeon Overview and Level Annotations

Branches:
Dungeon (11/15)            Temple (0/1) D:4            Lair (3/5) D:11
  Swamp (0/4) Lair:2       Spider (0/4) Lair:3      Volcano (visited)
    Orc: D:9-12

Altars:
Ashenzari
Elyvilon
Trog
Uskayaw
Xom

Shops:
D:2 :*   D:3 [   D:6 !:((   D:11 (

Portals:
Trove: D:10 (give +5 ice dragon scales)

Annotations:
Lair:3 1 runed translucent door, Kave's ghost, journeyman TrSh


Innate Abilities, Weirdness & Mutations

You are too large for most types of armour.
You have claws for hands.
Your natural rate of healing is unusually fast.
You are covered in fur. (AC +1)
You have tough skin. (AC +1)


Message History

The +6 dire flail "Donewum" {chaos, rF+++ Dex-5} freezes you.
The +6 dire flail "Donewum" {chaos, rF+++ Dex-5} hits you!!
The +6 dire flail "Donewum" {chaos, rF+++ Dex-5} burns you.
The +6 dire flail "Donewum" {chaos, rF+++ Dex-5} hits you!
You are more confused.
The +6 dire flail "Donewum" {chaos, rF+++ Dex-5} hits you!
You feel yourself slow down.
The +6 dire flail "Donewum" {chaos, rF+++ Dex-5} hits you.
The +6 dire flail "Donewum" {chaos, rF+++ Dex-5} burns you.
The +6 dire flail "Donewum" {chaos, rF+++ Dex-5} hits you!! x2
You feel very mighty all of a sudden.
The +6 dire flail "Donewum" {chaos, rF+++ Dex-5} hits you!
The +6 dire flail "Donewum" {chaos, rF+++ Dex-5} burns you.
You turn to flesh and can move again.
Unknown command.
Unknown command.
Unknown command.
You are no longer berserk.
You are exhausted.
You feel as though you will be slow longer.
You feel very sick.
The +6 dire flail "Donewum" {chaos, rF+++ Dex-5} hits you!!
You are more poisoned.
The +6 dire flail "Donewum" {chaos, rF+++ Dex-5} closely misses you.
You bump into the translucent stone wall.
You feel extremely sick.
The +6 dire flail "Donewum" {chaos, rF+++ Dex-5} hits you!!
* * * LOW HITPOINT WARNING * * *
The +6 dire flail "Donewum" {chaos, rF+++ Dex-5} freezes you.
* * * LOW HITPOINT WARNING * * *
The +6 dire flail "Donewum" {chaos, rF+++ Dex-5} hits you!!
* * * LOW HITPOINT WARNING * * *
Unknown command.
Unknown command.
You feel better.
The +6 dire flail "Donewum" {chaos, rF+++ Dex-5} hits you!
* * * LOW HITPOINT WARNING * * *
You are poisoned.
The +6 dire flail "Donewum" {chaos, rF+++ Dex-5} hits you.
* * * LOW HITPOINT WARNING * * *
Unknown command.
As you read the scroll of teleportation {@r4}, it crumbles to dust.
You feel strangely unstable.
You feel extremely sick.
The +6 dire flail "Donewum" {chaos, rF+++ Dex-5} hits you!
* * * LOW HITPOINT WARNING * * *
You feel drained.
* * * LOW HITPOINT WARNING * * *
The +6 dire flail "Donewum" {chaos, rF+++ Dex-5} hits you!!
You die...

###.................#
#...#.....##........#.#
...........###....###.#
...###....###.....###.#
...##.....# ##)....##t#
...##.....# ###...##t#
.††#......# ##/#....#t#
...##P....# #.W(...##+##### ##
...###....# ##(#@..#......## #.
...##.....# ###..####.....# #.
...###....# #.....###.....# ##.
...P##....## #.....##......# #..
....#P.....# #....###.....## ##.
...###....## #.....###....# ##.
....#......# #....#.#.....#####..
.....#....####.....###....#.##.#.
...........<.....................


You could see a +6 dire flail "Donewum" {chaos, rF+++ Dex-5} and Kave's ghost.

Vanquished Creatures
  Gastronok (Lair:2)
  A fire dragon (Volcano)
  An alligator (Lair:1)
  Harold (D:10)
  Erica (D:8)
  2 hydras
  A centaur warrior (D:9)
  An anaconda (Lair:1)
  2 two-headed ogres
  A boulder beetle (D:9)
  A death yak (D:11)
  2 tengu warriors (D:9)
  Sonja (D:10)
  4 sun demons (Volcano)
  2 fire crabs (Lair:1)
  A pharaoh ant (Lair:3)
  2 spriggan druids (Lair:2)
  3 deep trolls (D:7)
  An oklob plant (Lair:2)
  6 manticores
  2 cyclopes (D:11)
  5 elephants
  4 black mambas
  2 smoke demons (Volcano)
  2 kobold demonologists
  2 gargoyles (D:10)
  An unseen horror (D:10)
  4 cane toads
  A rime drake (Lair:1)
  2 freezing wraiths (D:9)
  Psyche (D:10)
  7 komodo dragons
  A tengu conjurer (D:9)
  4 polar bears
  6 trolls
  2 hornets
  A tarantella (Lair:3)
  3 dream sheep (D:11)
  8 wyverns
  3 shadows
  34 yaks
  A vampire (D:11)
  7 steam dragons
  4 wraiths
  2 hogs (D:11)
  A basilisk (Lair:1)
  6 vampire mosquitoes
  2 acid dragons
  5 water moccasins (Lair:1)
  3 hell hounds
  6 orc warriors
  A sky beast (D:8)
  7 black bears
  6 wolves
  3 centaurs
  6 kobold brigands
  11 bullfrogs
  A gnoll sergeant (D:9)
  4 scorpions
  2 jellies
  18 wights
  5 killer bees (D:9)
  3 howler monkeys
  6 orc priests
  A gnoll bouda (D:9)
  3 hounds
  Jessica (D:2)
  2 orc wizards (D:11)
  2 sleepcaps
  2 iguanas (D:5)
  5 hell rats (Lair:1)
  3 adders
  4 gnolls (D:4)
  14 river rats (Lair:1)
  A worm (D:3)
  3 dart slugs
  28 orcs
  5 ball pythons
  7 endoplasms
  3 giant cockroaches
  8 goblins
  8 hobgoblins
  4 jackals (D:5)
  21 kobolds
  11 quokkas
  5 bats
  5 frilled lizards
  21 rats
407 creatures vanquished.

Notes
Turn   | Place    | Note
-------+----------+-------------------------------------------
     0 | D:1      | Caerwyn the Troll Fighter began the quest for the Orb.
     0 | D:1      | Reached XP level 1. HP: 22/22 MP: 0/0
   189 | D:1      | Reached XP level 2. HP: 29/29 MP: 1/1
   230 | D:1      | Reached skill level 3 in Unarmed Combat
   625 | D:2      | Reached XP level 3. HP: 36/36 MP: 2/2
   634 | D:2      | Noticed Jessica
   649 | D:2      | Killed Jessica
   650 | D:2      | Reached skill level 4 in Unarmed Combat
   696 | D:2      | Found Uba Duav's Book Shop.
   799 | D:2      | Found Weodwess's General Store.
  1012 | D:2      | Reached XP level 4. HP: 44/44 MP: 3/3
  1022 | D:2      | Found a faded altar of an unknown god.
  1757 | D:3      | Found Radd's Antique Armour Shoppe.
  2110 | D:4      | Noticed a black bear
  2122 | D:4      | Killed a black bear
  2123 | D:4      | Reached skill level 5 in Unarmed Combat
  2123 | D:4      | Reached XP level 5. HP: 40/50 MP: 4/4
  2138 | D:4      | Identified the +1 robe of Zielak {Fly rCorr}
  2151 | D:4      | Found a staircase to the Ecumenical Temple.
  2208 | D:4      | Reached skill level 6 in Unarmed Combat
  2234 | D:4      | Reached XP level 6. HP: 50/59 MP: 5/5
  2538 | D:4      | Reached skill level 7 in Unarmed Combat
  2886 | D:5      | Entered Level 5 of the Dungeon
  3602 | D:6      | Reached XP level 7. HP: 66/66 MP: 6/6
  3638 | D:6      | Noticed a steam dragon
  3642 | D:6      | Killed a steam dragon
  3643 | D:6      | Reached skill level 8 in Unarmed Combat
  3687 | D:6      | Found Coot's Weapon Shoppe.
  3696 | D:6      | Reached skill level 9 in Unarmed Combat
  3710 | D:6      | Found Tocreny's Book Boutique.
  3721 | D:6      | Found Raggei's Weapon Shop.
  3837 | D:6      | Found the +5 moon troll leather armour {Spirit, Regen++
                  | MP+5}
  4104 | D:6      | Found Sosici Teng's Distillery.
  4112 | D:6      | Bought 2 potions of curing for 72 gold pieces
  4112 | D:6      | Bought a potion of heal wounds for 60 gold pieces
  4112 | D:6      | Bought a potion of curing for 36 gold pieces
  4112 | D:6      | Bought a potion of heal wounds for 60 gold pieces
  4264 | D:7      | Reached XP level 8. HP: 59/74 MP: 7/7
  4446 | D:7      | Reached skill level 10 in Unarmed Combat
  4685 | D:7      | Noticed a deep troll
  4686 | D:7      | Noticed a deep troll
  4686 | D:7      | Noticed a deep troll
  4695 | D:7      | Killed a deep troll
  4696 | D:7      | Reached skill level 1 in Armour
  4696 | D:7      | Reached skill level 1 in Evocations
  4701 | D:7      | Killed a deep troll
  4702 | D:7      | Reached XP level 9. HP: 52/84 MP: 2/8
  4705 | D:7      | Killed a deep troll
  4792 | D:7      | Found the necklace of Bloodlust {Fury *Rage Will++ Int-3
                  | Slay+6}
  4931 | D:7      | Found a broken altar of Ashenzari.
  4931 | D:7      | Found a faded altar of an unknown god.
  4938 | D:7      | Found a hide-covered altar of Uskayaw.
  4940 | D:7      | Found a white marble altar of Elyvilon.
  4942 | D:7      | Found a bloodstained altar of Trog.
  5173 | D:7      | Became a worshipper of Trog the Wrathful
  5374 | D:8      | Reached skill level 11 in Unarmed Combat
  5790 | D:8      | Reached skill level 5 in Fighting
  5864 | D:8      | Noticed Erica
  5869 | D:8      | Killed Erica
  5870 | D:8      | Reached XP level 10. HP: 96/96 MP: 9/9
  6027 | D:8      | Reached skill level 14 in Unarmed Combat
  6027 | D:8      | Reached XP level 11. HP: 104/104 MP: 10/10
  6028 | D:8      | Reached XP level 12. HP: 123/123 MP: 11/11
  6043 | D:9      | Reached * piety under Trog
  6122 | D:9      | Identified the ring of Timm {rF++ MP-9 AC+4}
  6122 | D:9      | Noticed a centaur warrior
  6129 | D:9      | Noticed a tengu warrior
  6132 | D:9      | Killed a centaur warrior
  6137 | D:9      | Reached skill level 15 in Unarmed Combat
  6138 | D:9      | Noticed a boulder beetle
  6145 | D:9      | Noticed a tengu warrior
  6399 | D:9      | Identified the ring "Mataor" {rC+ Will- rCorr Int+5 Dex+2}
  6444 | D:9      | Reached ** piety under Trog
  6579 | D:9      | Reached skill level 5 in Shields
  6819 | D:9      | Killed a tengu warrior
  6820 | D:9      | Reached skill level 5 in Dodging
  6842 | D:9      | Paralysed by a hornet for 2 turns
  6845 | D:9      | Reached skill level 10 in Fighting
  7034 | D:9      | Killed a tengu warrior
  7253 | D:9      | Killed a boulder beetle
  7516 | D:10     | Entered Level 10 of the Dungeon
  7532 | D:10     | Reached skill level 5 in Armour
  7535 | D:10     | Noticed Sonja
  7551 | D:10     | Killed Sonja
  7603 | D:10     | Noticed Psyche
  7607 | D:10     | Killed Psyche
  7608 | D:10     | Reached skill level 5 in Evocations
  7622 | D:10     | Reached XP level 13. HP: 133/133 MP: 12/12
  7673 | D:10     | Reached *** piety under Trog
  7881 | D:10     | Found a portal to a secret trove of treasure.
  8020 | D:10     | Noticed Harold
  8031 | D:10     | Killed Harold
  8267 | D:11     | Found Wellye's Weapon Emporium.
  8327 | D:11     | Reached skill level 16 in Unarmed Combat
  8729 | D:11     | Found a staircase to the Lair.
  8835 | D:11     | Found a runed translucent gate.
  8835 | D:11     | Found a runed translucent gate.
  8835 | D:11     | Found a runed translucent gate.
  8977 | D:11     | Reached skill level 17 in Unarmed Combat
  8986 | D:11     | Reached **** piety under Trog
  9088 | D:11     | Identified the +1 cloak of Filth {rF+ Regen+}
  9147 | Lair:1   | Entered Level 1 of the Lair of Beasts
  9235 | Lair:1   | Found a dark tunnel.
  9249 | Volcano  | Entered a volcano
  9392 | Volcano  | Noticed a fire dragon
  9402 | Volcano  | Killed a fire dragon
  9492 | Volcano  | Reached XP level 14. HP: 143/143 MP: 13/13
  9707 | Lair:1   | Reached skill level 18 in Unarmed Combat
 10020 | Lair:1   | Reached XP level 15. HP: 149/149 MP: 14/14
 10029 | Lair:1   | Reached ***** piety under Trog
 10502 | Lair:2   | Received a gift from Trog
 10816 | Lair:2   | Noticed Gastronok
 10829 | Lair:2   | Killed Gastronok
 11170 | Lair:2   | Found a staircase to the Swamp.
 11179 | Lair:2   | Paralysed by a hornet for 2 turns
 11302 | Lair:2   | Identified the +0 ring mail of Asexal {Int+4 Dex-5}
 11656 | Lair:3   | Found a hole to the Spider Nest.
 11730 | Lair:3   | Found a runed translucent door.
 11905 | Lair:3   | Found a runed translucent door.
 11907 | Lair:3   | Found a shimmering altar of Xom.
 11907 | Lair:3   | Noticed Kave's ghost (journeyman TrSh)
 11907 | Lair:3   | Identified the +6 dire flail "Donewum" {chaos, rF+++ Dex-5}
 12382 | Lair:3   | Mangled by a +6 dire flail "Donewum" {chaos, rF+++ Dex-5}

Illustrated notes

Levels and vault maps discovered:
D:1:      eino_arrival_cavern_c, layout_rooms
D:2:      layout_loops_ring, serial_shops, nicolae_shop_pleasant_corner_grove,
          nicolae_shop_window_shopping, shapermc_ecumenical_altar_mp_vishouse,
          uniq_jessica
D:3:      layout_basic, serial_shops, nicolae_shop_getting_attention
D:4:      layout_basic, minmay_temple_entry_from_below_b, st_stairs_1
D:5:      layout_loops_ring
D:6:      nicolae_cairo_tiling_very_big, layout_rooms, serial_glass,
          glass_columns_c, glass_columns_a, serial_shops, shop, shop, shop,
          nicolae_shop_crystal, lexackson_kobold_supper
D:7:      layout_cave_pools, chequers_temple_overflow_minitemple,
          serial_co_window_serial, co_window_paths_a, co_window_paths_a,
          co_window_paths_b, co_window_corner_a, co_window_paths_a,
          co_window_paths_a, co_window_corner_b, co_window_unsneaky_path_a,
          co_window_broadway_a, co_window_broadway_b, co_window_4corner_a,
          co_window_sun, glass_columns_b,
          serial_library_hellmonk_reading_circle, eino_tiny_chamber,
          hellmonk_guarded_unrand_vitality_bloodlust
D:8:      layout_gridville, kennysheep_generic_room_2, uniq_erica
D:9:      minmay_the_grid_octo_tiled_octocenter [minmay_the_grid_octo_teeth,
          minmay_the_grid_octo_odd_swirl, minmay_the_grid_octo_vomiting_pacman,
          minmay_the_grid_octo_concentric,
          minmay_the_grid_octo_prize_ultimate_mussel_roller,
          minmay_the_grid_square_5x5_two,
          minmay_the_grid_square_5x5_beaten_path,
          minmay_the_grid_square_5x5_shuriken,
          minmay_the_grid_square_5x5_detours], layout_basic, hex_medium,
          grunt_ministairs_10
D:10:     layout_cave_pools, enter_trove_0, uniq_harold, uniq_psyche, uniq_sonja
D:11:     lemuel_bear_cage, layout_rooms, grunt_lair_entry_orc_guard_hut,
          serial_shops, nicolae_diamond_shop
Lair:1:   lemuel_ratsnest, layout_chaotic_city, enter_volcano_3,
          nicolae_lair_lakeside_cave, lemuel_fruit_tree
Lair:2:   layout_cave_pods, mainiacjoe_swamp_entry_angry_trees, uniq_gastronok
Lair:3:   gammafunk_mikee_crab_dinner, layout_long_grid,
          nicolae_spider_entry_lesser_pyramids, ebering_ghost_xom,
          chequers_serial_rivers_micro_e

Skill      XL: |  1  2  3  4  5  6  7  8  9 10 11 12 13 14 15 |
---------------+----------------------------------------------+-----
Unarmed Combat | 3 4 5 6 7 9 10 11 14 15 17 18 | 18.6
Fighting       | 4 5 9 10 11 | 11.0
Armour         | 1 3 5 |  5.0
Dodging        | 3 4 5 |  5.0
Shields        | 3 4 5 7 8 9 |  9.2
Evocations     | 1 2 5 |  5.0

Action                     |  1- 3 |  4- 6 |  7- 9 | 10-12 | 13-15 || total
---------------------------+-------+-------+-------+-------+-------++-------
  Melee: Unarmed           |    89 |   170 |   121 |   197 |   474 ||  1051
    Use: Scroll            |       |     9 |     3 |     8 |     5 ||    25
         Potion            |       |       |     2 |     4 |     2 ||     8
   Stab: Sleeping          |     2 |       |     1 |       |       ||     3
 Armour: Robe              |    38 |   123 |    12 |       |       ||   173
         Troll leather arm |       |       |    61 |   185 |   424 ||   670
  Dodge: Dodged            |    35 |    57 |    49 |    76 |   129 ||   346
  Block: Kite shield       |    35 |    76 |    50 |    95 |   185 ||   441

Table legend: (Time is in decaauts)
 A = Elapsed time spent in this place.
 B = Non-inter-level travel time spent in this place.
 C = Inter-level travel time spent in this place.
 D = Time resting spent in this place.
 E = Time spent auto-exploring this place.
 F = Levels seen in this place.
 G = Mean time per level.
                   A        B        C        D        E       F      G
               +--------+--------+--------+--------+--------+-----+--------+
         Total |  12819 |  12399 |    420 |    930 |   8961 |  15 |  854.6 |
       Dungeon |   9424 |   9082 |    342 |    641 |   6612 |  11 |  856.7 |
          Lair |   3070 |   2993 |     77 |    266 |   2130 |   3 | 1023.3 |
       Volcano |    323 |    323 |      0 |     22 |    218 |   1 |  323.0 |
               +--------+--------+--------+--------+--------+-----+--------+

Top non-repeatable levels by time:
     D:9: 1605 daAuts
  Lair:2: 1237 daAuts
     D:7: 1157 daAuts
  Lair:1: 1057 daAuts
    D:11: 943 daAuts
     D:3: 885 daAuts
    D:10: 798 daAuts
     D:2: 782 daAuts
     D:4: 775 daAuts
  Lair:3: 775 daAuts
     D:8: 709 daAuts
     D:5: 665 daAuts
     D:6: 644 daAuts
     D:1: 458 daAuts
 Volcano: 323 daAuts
